 Dungeon Crawl Stone Soup version 0.30-a0-218-gedb9141078 (webtiles) character file.

Game seed: 4336229662065384267

433 KennySheep the Cudgeller (level 7, -1/71 HPs)
             Began as an Ogre Gladiator on Oct 6, 2022.
             Was a Believer of Dithmenos.
             Slain by an iguana (4 damage)
             ... on level 5 of the Dungeon.
             The game lasted 00:10:28 (3574 turns).

KennySheep the Cudgeller (Ogre Gladiator)           Turns: 3574, Time: 00:10:29

Health: -1/71      AC: 11    Str: 21    XL:     7   Next: 0%
Magic:  7/7        EV: 10    Int: 12    God:    Dithmenos [**....]
Gold:   233        SH:  0    Dex: 10    Spells: 6/6 levels left

rFire   . . .      SeeInvis .    u - +0 flail (protect)
rCold   . . .      Faith    .    (no shield)
rNeg    . . .      Spirit   .    b - +0 robe
rPois   .          Reflect  .    c - +0 hat
rElec   +          Harm     +    o - +0 cloak of the Heavens {Harm rElec Int+3 Stlth-}
rCorr   .          Rampage  .    (gloves unavailable)
Will    .....                    (boots unavailable)
Stlth   ..........               (no amulet)
HPRegen 0.31/turn                (no ring)
MPRegen 0.10/turn                (no ring)

@: under a protective aura, wreathed by umbra
A: large, unfitting armour, tough skin 1
a: Renounce Religion, Shadow Step


You were on level 5 of the Dungeon.
You worshipped Dithmenos.
Dithmenos was pleased with you.
You visited 1 branch of the dungeon, and saw 5 of its levels.

You collected 323 gold pieces.
You spent 90 gold pieces at shops.

Inventory:

Hand Weapons
 a - a +0 flail
 u - a +0 flail of protection (weapon)
 x - a +0 morningstar
Armour
 b - a +0 robe (worn)
 c - a +0 hat (worn)
 o - the +0 cloak of the Heavens (worn) {Harm rElec Int+3 Stlth-}
   (You acquired it on level 3 of the Dungeon)

   Int:       It affects your intelligence (+3).
   rElec:     It insulates you from electricity.
   Harm:      It increases damage dealt and taken.
   Stlth:     It makes you less stealthy.
Wands
 d - a wand of roots (4)
Scrolls
 f - a scroll of enchant weapon {unknown}
 g - a scroll of amnesia
 h - 2 scrolls of enchant armour {unknown}
 l - a scroll of magic mapping {unknown}
 p - a scroll of poison
 q - a scroll of vulnerability
 r - a scroll of blinking
 y - a scroll of identify
Potions
 i - 2 potions of mutation {unknown}
 j - 2 potions of attraction {unknown}
 k - a potion of degeneration
 m - 2 potions of curing
 n - 2 potions of flight {unknown}
 s - 2 potions of lignification {unknown}
 t - 4 potions of berserk rage {unknown}
 v - a potion of brilliance {unknown}
 w - a potion of magic {unknown}
 z - a potion of haste {unknown}


   Skills:
 + Level 4.9 Fighting
 * Level 4.9 Maces & Flails
 * Level 4.6 Throwing
 - Level 2.6 Dodging


You had 6 spell levels left.
You didn't know any spells.
Your spell library contained the following spells:

 Spells                   Type           Power      Damage    Failure   Level
 Sting                    Tmut/Pois      0%         1d3       32%         1
 Sublimation of Blood     Necr           0%         N/A       45%         2
 Wereblood                Tmut           0%         N/A       45%         2
 Gell's Gravitas          Tloc           0%         N/A       69%         3
 Ozocubu's Armour         Ice            0%         N/A       69%         3
 Teleport Other           Tloc           0%         N/A       69%         3
 Flame Wave               Conj/Fire      0%         2d4       97%         4
 Fireball                 Conj/Fire      0%         3d3       100%        5
 Metabolic Englaciation   Hex/Ice        0%         N/A       100%        5
 Dispersal                Tloc           0%         N/A       100%        6
 Simulacrum               Ice/Necr       0%         N/A       100%        6
 Summon Hydra             Summ           0%         N/A       100%        7


Dungeon Overview and Level Annotations

Branches:
Dungeon (5/15)             Temple (0/1) D:4

Altars:
Dithmenos
Zin

Shops:
D:3 :


Innate Abilities, Weirdness & Mutations

You are too large for most types of armour.
You have tough skin. (AC +1)


Message History

The magic dart hits you.
Throw: 3 large rocks
Press: ? - help, Q - select action, (/) - cycle Shift-Dir - straight line, f/p - orc
Aim: an orc, wielding a +0 short sword and wearing a +0 chain mail (umbra, 68% to hit)
You throw a large rock. The large rock hits the orc.
The orc is almost dead.
You feel sick. Something hits you but does no damage. Something hits you.
Throw: 2 large rocks
Press: ? - help, Q - select action, (/) - cycle Shift-Dir - straight line, f/p - orc
Aim: an orc, wielding a +0 short sword and wearing a +0 chain mail (almost dead, umbra, 68% to hit)
You throw a large rock. Dithmenos accepts your kill.
Reactivating autopickup.
You feel a bit more experienced.
You feel sick.
You are no longer poisoned.
The orc priest invokes the aid of Beogh against you.
Beogh smites you!
* * * LOW HITPOINT WARNING * * *
The orc closely misses you.
The orc priest looks braver for a moment.
Throw: large rock
Press: ? - help, Q - select action, (/) - cycle Shift-Dir - straight line, f/p - orc
Aim: an orc, wielding a +0 short sword and wearing a +0 chain mail (almost dead, umbra, 68% to hit)
You throw a large rock.
The large rock hits the orc but does no damage.
The orc is almost dead.
The orc closely misses you. The orc hits you with a +0 short sword.
* * * LOW HITPOINT WARNING * * *
You hit the orc.
Your weapon exudes an aura of protection.
You kill the orc!
Dithmenos accepts your kill.
The orc priest invokes the aid of Beogh against you.
Beogh smites you!
* * * LOW HITPOINT WARNING * * *
A worm comes into view.
You have reached level 7!
The iguana attacks as you move away! The iguana bites you.
You die...

## .# .# .#
###.# ...#
#).# .
######o.#....
#).@l(o...w...
#.####o.#.....
#.# #..# #.#.
#.# #..# ..
#.# #... . #.#
####s
###########.#
.#
#...........#
#
#.###########


You could see a worm, an iguana, an orc priest and 2 orcs.

Vanquished Creatures
  2 scorpions
  Ijyb (D:3)
  2 iguanas
  3 orc wizards (D:5)
  7 adders
  A white imp (D:5)
  A worm (D:3)
  A dart slug (D:3)
  10 orcs
  8 bats
  11 endoplasms
  4 giant cockroaches
  5 goblins
  5 hobgoblins
  3 quokkas
  9 ball pythons
  5 frilled lizards
  7 kobolds
  9 rats
94 creatures vanquished.

Notes
Turn   | Place    | Note
-------+----------+-------------------------------------------
     0 | D:1      | KennySheep the Ogre Gladiator began the quest for the Orb.
     0 | D:1      | Reached XP level 1. HP: 22/22 MP: 1/1
    76 | D:1      | Reached XP level 2. HP: 29/29 MP: 2/2
   394 | D:2      | Reached XP level 3. HP: 37/37 MP: 3/3
   420 | D:2      | Found a shadowy altar of Dithmenos.
   443 | D:2      | Became a worshipper of Dithmenos the Shadowed
   511 | D:2      | Reached XP level 4. HP: 23/45 MP: 4/4
  1097 | D:2      | Found a faded altar of an unknown god.
  1404 | D:3      | Noticed Ijyb
  1420 | D:3      | Killed Ijyb
  1422 | D:3      | HP: 2/48 [frozen (4)]
  1751 | D:3      | Reached * piety under Dithmenos
  1773 | D:3      | Identified a scroll of acquirement
  1777 | D:3      | Acquired the +0 cloak of the Heavens {Harm rElec Int+3
                  | Stlth-}
  1885 | D:3      | Reached XP level 5. HP: 35/54 MP: 5/5
  1952 | D:3      | Got the Anthology of Incendiary Impurities
  2060 | D:3      | Found Tutwiodd's Book Emporium.
  2511 | D:4      | Reached XP level 6. HP: 53/63 MP: 6/6
  2771 | D:4      | Found a staircase to the Ecumenical Temple.
  3001 | D:4      | Found Zin's Purification Station.
  3001 | D:4      | Found a glowing silver altar of Zin.
  3007 | D:4      | Bought a potion of curing for 90 gold pieces
  3363 | D:5      | Entered Level 5 of the Dungeon
  3436 | D:5      | Reached ** piety under Dithmenos
  3573 | D:5      | HP: 2/65 [orc priest/divine providence (14)]
  3574 | D:5      | Reached XP level 7. HP: 3/71 MP: 7/7
  3574 | D:5      | Slain by an iguana

Illustrated notes

Levels and vault maps discovered:
D:1:      amcnicky_arrival_choice, layout_rooms, minmay_statues_item
D:2:      layout_basic, basic_altar, hellmonk_ecumenical_altar_slurped_away
D:3:      layout_basic, serial_shops, shop_coins, minmay_circle_x, uniq_ijyb
D:4:      layout_basic, zin_purify, minmay_temple_entry_crystal_x
D:5:      layout_loops_ring, serial_shops, shop_fountains, serial_bayou_crossing

Skill      XL: |  1  2  3  4  5  6 |
---------------+-------------------+-----
Fighting       | 3 4 |  4.9
Maces & Flails | 3 4 |  4.9
Throwing       | 3 4 |  4.6
Dodging        | |  2.6

Action                   |  1- 3 |  4- 6 |  7- 9 || total
-------------------------+-------+-------+-------++-------
Melee: Flail             |    66 |   188 |       ||   254
       Punch             |     1 |     1 |       ||     2
Throw: Throwing net      |     2 |     1 |       ||     3
       Large rock        |       |    12 |       ||    12
  Use: Scroll            |       |     6 |       ||     6
       Potion            |       |     1 |       ||     1
 Stab: Sleeping          |     1 |       |       ||     1
Armor: Robe              |    20 |    69 |       ||    89
Dodge: Dodged            |    30 |   112 |       ||   142

Table legend: (Time is in decaauts)
 A = Elapsed time spent in this place.
 B = Non-inter-level travel time spent in this place.
 C = Inter-level travel time spent in this place.
 D = Time resting spent in this place.
 E = Time spent auto-exploring this place.
 F = Levels seen in this place.
 G = Mean time per level.
                   A        B        C        D        E       F      G
               +--------+--------+--------+--------+--------+-----+--------+
         Total |   3634 |   3518 |    116 |    148 |   2695 |   5 |  726.8 |
       Dungeon |   3634 |   3518 |    116 |    148 |   2695 |   5 |  726.8 |
               +--------+--------+--------+--------+--------+-----+--------+

Top non-repeatable levels by time:
     D:4: 1109 daAuts
     D:2: 1014 daAuts
     D:3: 884 daAuts
     D:1: 401 daAuts
     D:5: 225 daAuts
